 Dungeon Crawl Stone Soup version 0.28.0 (webtiles) character file.

Game seed: 10670927963914710045

1922 Orthodox the Fighter (level 8, -13/68 HPs)
             Began as a Demonspawn Gladiator on Feb 9, 2022.
             Was a Believer of Okawaru.
             Killed from afar by an orc warrior (23 damage)
             ... with a bolt of acid
             ... on level 6 of the Dungeon.
             The game lasted 00:24:02 (10693 turns).

Orthodox the Fighter (Demonspawn Gladiator)        Turns: 10693, Time: 00:24:02

Health: -13/68     AC:  3    Str: 18    XL:     8   Next: 96%
Magic:  10/10      EV: 15    Int:  9    God:    Okawaru [**....]
Gold:   334        SH:  4    Dex: 14    Spells: 7/7 levels left

rFire   . . .      SeeInvis .   a - +0 flail
rCold   . . .      Faith    .   (no shield)
rNeg    . . .      Spirit   .   n - +0 ring mail
rPois   +          Reflect  .   (helmet restricted)
rElec   .          Harm     .   (no cloak)
rCorr   .          Rampage  .   l - +0 pair of gloves
Will    .....                   (no boots)
Stlth   +.........              o - amulet of magic regeneration
HPRegen 0.21/turn               z - +4 ring of evasion
MPRegen 0.52/turn               u - ring of poison resistance

@: corroded
A: horns 1, foul stench 1, sharp scales 1, condensation shield
a: Renounce Religion, Heroism


You were on level 6 of the Dungeon.
You worshipped Okawaru.
Okawaru was pleased with you.
You visited 2 branches of the dungeon, and saw 8 of its levels.

You collected 334 gold pieces.

Inventory:

Hand Weapons
 a - a +0 flail (weapon)
Missiles
 d - a throwing net (quivered)
Armour
 c - a +0 helmet
 l - a +0 pair of gloves (worn)
 n - a +0 ring mail (worn)
Jewellery
 o - an amulet of magic regeneration (around neck)
 q - a ring of see invisible
 u - a ring of poison resistance (right hand)
 v - a ring of protection from fire
 z - a +4 ring of evasion (left hand)
Wands
 j - a wand of digging (10)
Scrolls
 b - a scroll of torment
 e - 2 scrolls of fear
 f - 7 scrolls of teleportation
 k - 4 scrolls of vulnerability
 m - a scroll of enchant weapon
 r - 2 scrolls of amnesia
 x - a scroll of summoning
Potions
 g - 2 potions of magic
 h - a potion of flight {unknown}
 i - 2 potions of mutation
 p - 2 potions of heal wounds {unknown}
 s - 3 potions of curing {unknown}
 t - 5 potions of attraction
 w - a potion of berserk rage {unknown}


   Skills:
 * Level 8.3 Fighting
 * Level 7.8 Maces & Flails
 - Level 1.7 Throwing
 - Level 2.6 Dodging
 + Level 3.2 Invocations


You had 7 spell levels left.
You didn't know any spells.
Your spell library was empty.

Dungeon Overview and Level Annotations

Branches:
Dungeon (7/15)             Temple (1/1) D:4

Altars:
Ashenzari
Cheibriados
Dithmenos
Elyvilon
Fedhas
Gozag
Hepliaklqana
Makhleb
Nemelex Xobeh
Okawaru
Ru
Trog
Uskayaw
Vehumet
Wu Jian
Yredelemnul
Zin
The Shining One

Shops:
D:4 =


Innate Abilities, Weirdness & Mutations

You have a pair of small horns on your head.
You may rarely emit foul miasma when damaged in melee.
You are partially covered in razor-sharp scales. (AC +1, Slay +1)
A meltable shield of frost defends you. (SH +4)


Message History

The orc warrior hits you with a +0 short sword!
You climb upwards.
There is a stone staircase leading down, spattered with blood here.
Things that are here:
a +0 robe; a +0 dagger Throw: 3 throwing nets
Press: ? - help, Q - select action, (/) - cycle Shift-Dir - straight line, f - orc warrior
Aim: an orc warrior, wielding a +0 short sword, wearing a +0 plate armour and carrying a wand of acid (9) (64% to hit)
You throw a throwing net.
The throwing net closely misses the orc warrior.
The orc warrior zaps a wand.
The bolt of acid hits you!
Throw: 2 throwing nets
Press: ? - help, Q - select action, (/) - cycle Shift-Dir - straight line, f/p - orc warrior
Aim: an orc warrior, wielding a +0 short sword, wearing a +0 plate armour and carrying a wand of acid (8) (64% to hit)
You throw a throwing net. The throwing net hits the orc warrior.
The orc warrior is caught in the net!
The orc warrior zaps a wand.
The bolt of acid hits you!!!
Ouch! That really hurt!
* * * LOW HITPOINT WARNING * * *
The orc warrior struggles against the net.
Okay, then.
As you read the scroll of teleportation, it crumbles to dust.
You feel strangely unstable.
The orc warrior zaps a wand.
The bolt of acid hits you!
* * * LOW HITPOINT WARNING * * *
The orc warrior struggles against the net.
Okay, then.
Your surroundings suddenly seem different.
You start resting.
An orc warrior is nearby!
The orc warrior shouts!
The orc warrior zaps a wand.
The bolt of acid misses you.
The orc warrior zaps a wand.
The bolt of acid hits you!!
* * * LOW HITPOINT WARNING * * *
The acid corrodes you!
Okay, then.
As you read the scroll of identify, it crumbles to dust.
t - 5 potions of attraction The orc warrior zaps a wand.
The bolt of acid hits you!!
You die...

######## .......# .......##
...)....###### ###
..)>.......o.##### #..
..........##....@###############8
.(.....##..#####..............##.
##########..# #####....#########
#.)......#.# ###.#.########.
#........#.#######...#.......###
#.......>#.........#########.#..
#............####### #####
#.......o#....##### #⌠.
#........###......### #########


You could see an orc warrior.

Vanquished Creatures
  Grinder (D:3)
  An orc warrior (D:6)
  A black bear (D:6)
  A necrophage (D:6)
  An ogre (D:5)
  A kobold brigand (D:6)
  A bullfrog (D:7)
  A scorpion (D:7)
  6 killer bees
  A howler monkey (D:6)
  A centaur zombie (D:7)
  6 hounds
  2 orc priests
  A bullfrog zombie (D:5)
  A gnoll shaman (D:6)
  2 centaur skeletons
  A scorpion zombie (D:4)
  3 iguanas
  3 orc wizards
  A killer bee zombie (D:7)
  A hound skeleton (D:5)
  A howler monkey zombie (D:7)
  5 gnolls
  A howler monkey skeleton (D:4)
  7 adders
  2 shadow imps (D:5)
  3 white imps
  An ufetubus (D:6)
  2 worms (D:4)
  A dart slug (D:1)
  12 orcs
  4 ball pythons
  2 bats (D:2)
  7 endoplasms
  6 giant cockroaches
  5 goblins
  5 hobgoblins
  12 kobolds
  2 quokkas
  5 frilled lizards
  4 rats
  2 bushes (D:2)
126 creatures vanquished.

Vanquished Creatures (others)
  7 plants (D:2)
7 creatures vanquished.

Grand Total: 133 creatures vanquished

Notes
Turn   | Place    | Note
-------+----------+-------------------------------------------
     0 | D:1      | Orthodox the Demonspawn Gladiator began the quest for the
                  | Orb.
     0 | D:1      | Reached XP level 1. HP: 16/16 MP: 1/1
   302 | D:1      | Gained mutation: A meltable shield of frost defends you.
                  | (SH +4) [demonic ancestry]
   302 | D:1      | Reached XP level 2. HP: 20/23 MP: 2/2
  1692 | D:2      | Gained mutation: You are partially covered in razor-sharp
                  | scales. (AC +1, Slay +1) [demonic ancestry]
  1692 | D:2      | Reached XP level 3. HP: 28/28 MP: 3/3
  1884 | D:2      | Reached skill level 3 in Fighting
  3286 | D:3      | Reached XP level 4. HP: 33/35 MP: 4/4
  3400 | D:3      | Noticed Grinder
  3419 | D:3      | Paralysed by Grinder for 2 turns
  3728 | D:3      | Reached XP level 5. HP: 21/42 MP: 5/5
  4057 | D:3      | Reached skill level 4 in Fighting
  4067 | D:3      | Paralysed by Grinder for 6 turns
  4584 | D:3      | Killed Grinder
  4585 | D:3      | Reached skill level 5 in Fighting
  4585 | D:3      | Reached skill level 5 in Maces & Flails
  4585 | D:3      | Reached XP level 6. HP: 47/51 MP: 6/6
  4636 | D:4      | Found a staircase to the Ecumenical Temple.
  4644 | Temple   | Entered the Ecumenical Temple
  4820 | Temple   | Became a worshipper of Warmaster Okawaru
  5088 | D:4      | Found Udaant's Jewellery Boutique.
  5376 | D:4      | Found a sacrificial altar of Ru.
  5922 | D:5      | Entered Level 5 of the Dungeon
  6340 | D:5      | Gained mutation: You have a pair of small horns on your
                  | head. [demonic ancestry]
  6340 | D:5      | Reached XP level 7. HP: 56/56 MP: 7/7
  6560 | D:5      | Reached skill level 6 in Fighting
  6778 | D:5      | Found an opulent altar of Gozag.
  7136 | D:5      | Found a broken altar of Ashenzari.
  7688 | D:6      | Reached * piety under Okawaru
  7972 | D:6      | Gained mutation: You may rarely emit foul miasma when
                  | damaged in melee. [demonic ancestry]
  7972 | D:6      | Reached XP level 8. HP: 65/65 MP: 8/8
  8517 | D:6      | Reached skill level 7 in Fighting
  8836 | D:6      | Found a hazy altar of Hepliaklqana.
  8837 | D:6      | Found a burning altar of Makhleb.
  8986 | D:6      | Reached skill level 1 in Invocations
  9246 | D:6      | Reached ** piety under Okawaru
  9444 | D:7      | Found a hide-covered altar of Uskayaw.
  9730 | D:7      | Reached skill level 8 in Fighting
 10557 | D:6      | HP: 2/68 [orc warrior/bolt of acid (13)]
 10693 | D:6      | Killed from afar by an orc warrior

Illustrated notes

Levels and vault maps discovered:
D:1:      scummos_arrival_simple_fountains, layout_loops_ring
D:2:      layout_loops_ring, serial_forest, infiniplex_forest_clump_tiny,
          infiniplex_forest_end_3, infiniplex_forest_clump_long,
          infiniplex_forest_end_2, infiniplex_forest_straight_2,
          infiniplex_forest_lined_4_way, infiniplex_forest_side_room
D:3:      layout_loops_ring, uniq_grinder
D:4:      layout_basic, mainiacjoe_overflow_alcove_4,
          minmay_temple_entry_slanted, serial_shops, shop_fountains,
          roderic_serpentine_path
D:5:      layout_loops_ring, ashenzari_altar_1, lemuel_tele_altar
D:6:      layout_rooms, minitemple, kennysheep_small_square
D:7:      layout_cave_pools, mainiacjoe_overflow_alcove_2
Temple:   minmay_temple_bridge_abc

Skill      XL: |  1  2  3  4  5  6  7  8 |
---------------+-------------------------+-----
Maces & Flails | 3 4 5 6 7 |  7.8
Fighting       | 3 5 6 8 |  8.3
Invocations    | 3 |  3.2
Throwing       | |  1.7
Dodging        | |  2.6

Action                   |  1- 3 |  4- 6 |  7- 9 || total
-------------------------+-------+-------+-------++-------
Melee: Flail             |   232 |   118 |   196 ||   546
       Punch             |     3 |     1 |     5 ||     9
       Headbutt          |       |       |    41 ||    41
Throw: Throwing net      |       |     6 |     5 ||    11
  Use: Potion            |       |     1 |       ||     1
       Scroll            |       |     5 |     6 ||    11
 Stab: Sleeping          |     1 |       |       ||     1
       Held in net/web   |       |       |     2 ||     2
Armor: Leather armour    |    31 |     1 |       ||    32
       Ring mail         |       |    25 |    51 ||    76
       Skin              |       |     8 |       ||     8
Dodge: Dodged            |    68 |    53 |   116 ||   237
Block: Other             |    14 |    21 |    35 ||    70
